 Dungeon Crawl Stone Soup version 0.20-a0-1006-ge6c5631 (console) character file.

34 pagos the Cutter (level 3, 25/25 HPs)
             Began as a Halfling Fighter on Apr 14, 2017.
             Quit the game on level 2 of the Dungeon.
             The game lasted 00:01:07 (559 turns).

pagos the Cutter (Halfling Fighter)                  Turns: 559, Time: 00:01:07

Health: 25/25      AC:  6    Str: 18    XL:     3   Next: 50%
Magic:  3/3        EV:  9    Int:  6    God:
Gold:   67         SH:  9    Dex: 13    Spells: 2/2 levels left

rFire    + . .     SeeInvis .   a - +0 rapier
rCold    . . .     Gourm    .   c - +0 shield
rNeg     . . .     Faith    .   b - +0 scale mail
rPois    .         Spirit   .   (no helmet)
rElec    .         Reflect  .   (no cloak)
rCorr    .         Harm     .   (no gloves)
MR       .....                  (no boots)
Stlth    ..........             (no amulet)
Regen    0.1/turn               i - ring of protection from fire
MPRegen  0.1/turn               (no ring)

@: no status effects
A: mutation resistance 1
a: no special abilities


You were on level 2 of the Dungeon.
You were not hungry.

You visited 1 branch of the dungeon, and saw 2 of its levels.

You collected 67 gold pieces.

Inventory:

Hand Weapons
 a - a +0 rapier (weapon)
Armour
 b - a +0 scale mail (worn)
 c - a +0 shield (worn)
Jewellery
 i - a ring of protection from fire (left hand)
Scrolls
 e - a scroll of amnesia {unknown}
 h - 3 scrolls of remove curse {unknown}
 m - a scroll of teleportation {unknown}
Potions
 d - a potion of might
 g - 2 potions of flight {unknown}
 k - a potion of resistance {unknown}
 l - a potion of degeneration {unknown}
Comestibles
 f - a bread ration
 j - 2 fruits


   Skills:
 - Level 2.6 Fighting
 * Level 4.1 Short Blades
 - Level 3.2 Armour
 + Level 1.2 Dodging
 - Level 3.2 Shields


You had 2 spell levels left.
You didn't know any spells.

Dungeon Overview and Level Annotations

Branches:
Dungeon (2/15)

Altars:


Innate Abilities, Weirdness & Mutations

You are small and have problems with some larger weapons.
You are somewhat resistant to further mutation.


Message History

You barely miss the kobold. The kobold barely misses you.
You barely miss the kobold. You block the kobold's attack.
You closely miss the kobold. You block the kobold's attack.
You hit the kobold.
The kobold is moderately wounded.
The kobold hits you but does no damage.
You hit the kobold.
You kill the kobold!
No target in view!
No target in view!
No target in view!
No target in view!
You see here a stone.
You now have 53 gold pieces (gained 9).
Found a glowing ring mail.
Found a stone staircase leading down.
No target in view!
You now have 67 gold pieces (gained 14).
m - a scroll labeled QEVESTRENLE Are you sure you want to abandon this character and quit the game? (Confirm with "yes".)

()..# ....#############
[...............#
###...#########.#
#.#.#########.#
###...........#.#
.......######.#.#
.....#.######.#.# #
.....#.#......#.####.#.#
........................
[.#.........#...@....###
#.#.##.######.#.#####...
................. .
#.#.###..###...##
..#.#.......≈..
###.#......≈≈..
#.#.......≈≈.
#.#..≈≈≈≈≈≈≈.
#.#≈≈≈≈≈≈≈≈≈≈
#.#≈≈≈≈≈≈≈≈≈≈
#...≈≈≈≈≈≈≈≈≈


There were no monsters in sight!

Vanquished Creatures
  2 dart slugs (D:1)
  A leopard gecko (D:1)
  A giant cockroach (D:1)
  5 goblins
  A hobgoblin (D:1)
  2 jackals (D:1)
  4 kobolds
  3 bats
  4 frilled lizards (D:1)
  6 rats (D:1)
29 creatures vanquished.

Notes
Turn   | Place    | Note
-------+----------+-------------------------------------------
     0 | D:1      | pagos the Halfling Fighter began the quest for the Orb.
     0 | D:1      | Reached XP level 1. HP: 15/15 MP: 1/1
   130 | D:1      | Reached skill level 3 in Short Blades
   130 | D:1      | Reached XP level 2. HP: 18/20 MP: 2/2
   170 | D:1      | Reached skill level 1 in Dodging
   264 | D:1      | Reached XP level 3. HP: 20/25 MP: 3/3
   461 | D:2      | Reached skill level 4 in Short Blades
   559 | D:2      | Quit the game

Vault maps used:
D:1:      tarquinn_simple_flora_water_f, serial_curves, eino_curves_02,
          eino_curves_02
D:2:      lemuel_old_faithful, uniq_crazy_yiuf_cottage

Skill      XL: |  1  2  3 |
---------------+----------+-----
Short Blades   | 3 4 |  4.1
Dodging        | 1 |  1.2
Fighting       | |  2.6
Armour         | |  3.2
Shields        | |  3.2

Action                   || total
-------------------------++-------
Melee: Rapier            ||   110
Armor: Scale mail        ||    36
Dodge: Dodged            ||    52
Block: Shield            ||    56
